 Dungeon Crawl Stone Soup version 0.27-a0-1456-gf5a116941d (webtiles) character file.

Game seed: 3526190722430983276

65 wesbby the Slasher (level 3, -1/34 HPs)
             Began as a Minotaur Berserker on July 6, 2021.
             Was a Believer of Trog.
             Succumbed to a goblin's poison
             ... on level 2 of the Dungeon.
             The game lasted 00:02:44 (1899 turns).

wesbby the Slasher (Minotaur Berserker)             Turns: 1899, Time: 00:02:45

Health: -1/34      AC:  6    Str: 22    XL:     3   Next: 94%
Magic:  2/2        EV:  9    Int:  4    God:    Trog [**....]
Gold:   90         SH:  5    Dex:  9    Spells: 2/2 levels left

rFire    . . .     SeeInvis .   a - +0 falchion
rCold    . . .     Faith    .   e - +2 buckler
rNeg     . . .     Spirit   .   f - +0 scale mail
rPois    .         Reflect  .   (helmet restricted)
rElec    .         Harm     .   (no cloak)
rCorr    .         Rampage  .   (no gloves)
Will     .....                  (no boots)
Stlth    ..........             (no amulet)
HPRegen  0.11/turn              (no ring)
MPRegen  0.08/turn              (no ring)

@: lethally poisoned (-1 -> -12), invisible
A: horns 2, retaliatory headbutt
a: Renounce Religion, Berserk, Trog's Hand


You were on level 2 of the Dungeon.
You worshipped Trog.
Trog was pleased with you.
You visited 1 branch of the dungeon, and saw 2 of its levels.

You collected 90 gold pieces.

Inventory:

Hand Weapons
 a - a +0 falchion (weapon)
Armour
 b - a +0 animal skin
 d - a +0 leather armour
 e - a +2 buckler (worn)
 f - a +0 scale mail (worn)
Jewellery
 n - an amulet of regeneration
Scrolls
 c - 4 scrolls of identify {unknown}
 g - a scroll of acquirement {unknown}
 h - a scroll of summoning {unknown}
 i - a scroll of enchant armour {unknown}
 j - a scroll of vulnerability {unknown}
 m - a scroll of teleportation {unknown}
Potions
 k - a potion of mutation {unknown}


   Skills:
 * Level 4.4 Fighting
 * Level 4.7 Long Blades
 * Level 3.0 Armour
 * Level 2.4 Dodging
 * Level 0.3 Shields


You had 2 spell levels left.
You didn't know any spells.
Your spell library was empty.

Dungeon Overview and Level Annotations

Branches:
Dungeon (2/15)

Altars:

Annotations:
D:2 Robin


Innate Abilities, Weirdness & Mutations

You have a pair of horns on your head.
You reflexively headbutt those who attack you in melee.


Message History

The goblin hits you with a +2 dagger of venom.
You are more poisoned.
A goblin comes into view. It is wielding a +0 dagger.
You feel sick. You block the adder's attack. Robin throws the goblin at you!
The goblin completely misses you. You block the adder's attack.
The goblin moves out of view.
Items here: ) †††.
You feel sick.
You feel sick.
You hit the goblin.
The goblin is moderately wounded.
You feel sick. The goblin hits you with a +0 dagger.
You hit the goblin.
The goblin is severely wounded.
You feel sick. The goblin hits you but does no damage.
You closely miss the goblin. You headbutt the goblin.
You kill the goblin!
Trog accepts your kill.
You feel sick.
You miss the goblin.
You feel sick. The goblin hits you but does no damage.
You are more poisoned.
You barely miss the goblin.
You feel very sick.
The goblin hits you with a +2 dagger of venom.
You are lethally poisoned!
The goblin hits you but does no damage.
You barely miss the goblin.
* * * LOW HITPOINT WARNING * * *
You feel very sick.
The goblin hits you with a +2 dagger of venom.
* * * LOW HITPOINT WARNING * * *
You hit the goblin.
The goblin is moderately wounded.
* * * LOW HITPOINT WARNING * * *
You feel very sick. The goblin hits you but does no damage.
Okay, then.
It was a potion of invisibility.
You fade into invisibility!
You die...

#############
#....†......#####
#.#####.........#
#.# #.#######@#
#.# #.# #g#
##.#####.#
#g#####.#
.........#
#Sg.....#
...#####.#
#g##.g#..
##.......# #.# .#
##.#####.# #.. ..
#.#.## ... .. ..#
.###.# #### # #.#


You could see Robin, an adder and 3 goblins.

Vanquished Creatures
  An adder (D:2)
  A dart slug (D:1)
  4 endoplasms
  4 giant cockroaches
  4 hobgoblins
  2 jackals (D:1)
  3 kobolds
  2 quokkas
  6 ball pythons
  5 bats
  17 frilled lizards
  3 goblins
  4 rats
56 creatures vanquished.

Notes
Turn   | Place    | Note
-------+----------+-------------------------------------------
     0 | D:1      | wesbby the Minotaur Berserker began the quest for the Orb.
     0 | D:1      | Reached XP level 1. HP: 19/19 MP: 0/0
   216 | D:1      | Reached XP level 2. HP: 26/27 MP: 1/1
   290 | D:1      | You fall into a shaft and drop 1 floor!
   743 | D:1      | Found a faded altar of an unknown god.
   821 | D:1      | Reached ** piety under Trog
   822 | D:1      | Reached XP level 3. HP: 33/33 MP: 2/2
  1886 | D:2      | Noticed Robin
  1898 | D:2      | HP: 1/34 [poisoned by a goblin]
  1899 | D:2      | Succumbed to a goblin's poison

Illustrated notes

Levels and vault maps discovered:
D:1:      elethiomel_arrival_quiet, layout_basic,
          chequers_ecumenical_altar_simple_redux, minivault_5
D:2:      layout_loops_ring, grunt_ministairs_10, dk_vineyard_3,
          minmay_lizard_pond, uniq_robin

Skill      XL: |  1  2  3 |
---------------+----------+-----
Fighting       | 4 |  4.4
Long Blades    | 4 |  4.7
Armour         | 3 |  3.0
Dodging        | |  2.4
Shields        | |  0.3

Action                   || total
-------------------------++-------
Melee: Falchion          ||    93
       Headbutt          ||    19
Invok: Berserk           ||     2
  Use: Potion            ||     1
Armor: Leather armour    ||     3
       Animal skin       ||     1
       Scale mail        ||    34
Dodge: Dodged            ||    39
Block: Buckler           ||    14
       Rpst.: Falchion   ||     9

Table legend: (Time is in decaauts)
 A = Elapsed time spent in this place.
 B = Non-inter-level travel time spent in this place.
 C = Inter-level travel time spent in this place.
 D = Time resting spent in this place.
 E = Time spent auto-exploring this place.
 F = Levels seen in this place.
 G = Mean time per level.
                   A        B        C        D        E       F      G
               +--------+--------+--------+--------+--------+-----+--------+
         Total |   1933 |   1869 |     64 |    263 |   1326 |   2 |  966.5 |
       Dungeon |   1933 |   1869 |     64 |    263 |   1326 |   2 |  966.5 |
               +--------+--------+--------+--------+--------+-----+--------+

Top non-repeatable levels by time:
     D:1: 1112 daAuts
     D:2: 821 daAuts
